 Dungeon Crawl Stone Soup version 0.13.1-34-g5444d2b (console) character file.

1499 dragoncity the Cleaver (level 8, -1/66 HPs)
             Began as a Centaur Berserker on Mar 24, 2014.
             Was a Believer of Trog.
             Slain by a wolf (6 damage)
             ... led by Grum
             ... on Level 6 of the Dungeon.
             The game lasted 00:15:15 (2017 turns).

dragoncity the Cleaver (Centaur Berserker)          Turns: 2017, Time: 00:15:15

HP  -1/66        AC  4     Str 20      XL: 8   Next: 34%
MP   5/5         EV  8     Int  8      God: Trog [**....]
Gold 169         SH  0     Dex  9      Spells:  0 memorised,  7 levels left

Res.Fire  : . . .   See Invis. : .   n - +0,-1 dwarf war axe (curse)
Res.Cold  : . . .   Warding    : .   h - -1 orc ring mail (curse)
Life Prot.: . . .   Conserve   : .   (no shield)
Res.Poison: .       Res.Corr.  : .   (no helmet)
Res.Elec. : .       Clarity    : .   (no cloak)
Sust.Abil.: . .     Spirit.Shd : .   (no gloves)
Res.Mut.  : .       Stasis     : .   (no barding)
Res.Rott. : .       Flight     : .   (no amulet)
Saprovore : . . .                    (no ring)
                                     (no ring)

@: regenerating (expiring), confused, exhausted, slowed, very resistant to
hostile enchantments, extremely unstealthy
A: hooves 3, deformed body, herbivore 1, speed 2, fast metabolism 1, tough skin
3
a: Burn Spellbooks, Berserk, Trog's Hand, Renounce Religion


You were on level 6 of the Dungeon.
You worshipped Trog.
Trog was pleased with you.
You were very hungry.

You visited 2 branches of the dungeon, and saw 8 of its levels.
You also visited: Ossuary.

You collected 192 gold pieces.
You spent 43 gold pieces at shops.

Inventory:

Hand weapons
 n - a cursed +0,-1 dwarven war axe (weapon)
Armour
 h - a cursed -1 orcish ring mail (worn)
 y - a +0 orcish chain mail
Comestibles
 a - 2 pears
 c - 5 bread rations
 j - 2 chokos
 A - a meat ration
Scrolls
 e - 4 scrolls of remove curse {unknown}
 f - 2 scrolls of fog
 g - a scroll of enchant weapon II {unknown}
 i - a scroll of summoning {unknown}
 l - a scroll of noise {unknown}
 p - 4 scrolls of random uselessness {unknown}
 r - 4 scrolls of immolation {unknown}
 u - a scroll of magic mapping {unknown}
Jewellery
 D - an uncursed amulet of stasis
Potions
 k - 7 potions of curing
 q - 4 potions of confusion
 t - a potion of heal wounds {unknown}
 x - a potion of speed
Books
 m - a book of Maledictions

   Spells                             Type                      Level
   Corona                             Hexes                        1
   Sure Blade                         Hexes/Charms                 2
   Ensorcelled Hibernation            Hexes/Ice                    2
   Confuse                            Hexes                        3
   Enslavement                        Hexes                        4
   Invisibility                       Hexes                        6
   Trog disapproves of the use of such an item.
 w - a book of Debilitation

   Spells                             Type                      Level
   Corona                             Hexes                        1
   Slow                               Hexes                        2
   Inner Flame                        Hexes/Fire                   3
   Enslavement                        Hexes                        4
   Cause Fear                         Hexes                        4
   Leda's Liquefaction                Hexes/Earth                  4
   Trog disapproves of the use of such an item.


   Skills:
 - Level 3.0 Fighting
 + Level 9.8 Axes
 - Level 1.3 Armour
 - Level 1.3 Dodging


You had 7 spell levels left.
You didn't know any spells.

Dungeon Overview and Level Annotations

Branches:
Dungeon (7/27)                Orc (1/4) D:6
 Temple: D:4-7

Altars:
Trog

Shops:
D:5 *

Annotations:
Orc:1 Grum


Innate Abilities, Weirdness & Mutations

You have hooves in place of feet.
Armour fits poorly on your strangely shaped body.
You digest meat inefficiently.
You cover ground very quickly.
You have a fast metabolism.
You have extremely tough skin (AC +3).


Message History

Drink which item? (? for menu, Esc to quit)
Okay, then.
Unknown command.
Drink which item? (? for menu, Esc to quit)
Okay, then.
Unknown command.
Press: ? - help, v - describe, . - travel
Here: a wolf (almost dead)
The floor.
Unknown command.
Unknown command.
Drink which item? (? for menu, Esc to quit)
Okay, then.
Drink which item? (? for menu, Esc to quit)
You are confused.
It was a potion of confusion.
The wolf barely misses you. The wolf bites you!
* * * LOW HITPOINT WARNING * * *
The wolf bites you but does no damage. The wolf closely misses you.
The wolf bites you.
You die...

#..[.)...# #...<[...#
####### #....)...#
......################.##
...............## #.#
......###.......# #.#
......# #.......# #.#
...)..# #......h## #.#
.)....# #......h@# #.#
()....# #......h######.#
......# #............>.#
......# #....<..########
......# ######### #######
########### #.........#
#.........#


You could see 3 wolves.

Vanquished Creatures
  A sky beast (D:5)
  2 orc warriors (D:6)
  A phantom (D:6)
  A giant frog (D:6)
  A manticore skeleton (D:6)
  5 crimson imps
  A centaur zombie (Ossuary)
  3 hounds
  A jelly (D:5)
  3 orc priests
  A giant frog skeleton (D:5)
  2 orc wizards (D:3)
  2 iguanas (D:6)
  4 worker ants
  A human zombie (Ossuary)
  4 mummies (Ossuary)
  3 gnolls (D:6)
  7 adders
  A giant mite (D:5)
  3 giant geckos
  An ooze (D:3)
  11 orcs
  6 hobgoblins
  5 jackals
  2 quokkas (D:5)
  8 bats
  A giant cockroach (D:2)
  2 giant newts
  2 gnoll zombies (Ossuary)
  4 goblins
  A goblin zombie (Ossuary)
  2 hobgoblin zombies (Ossuary)
  7 kobolds
  An orc zombie (Ossuary)
  3 rats
  A rat zombie (D:5)
104 creatures vanquished.

Notes
Turn   | Place    | Note
--------------------------------------------------------------
     0 | D:1      | dragoncity, the Centaur Berserker, began the quest for the Orb.
     0 | D:1      | Reached XP level 1. HP: 19/19 MP: 0/0
    93 | D:1      | Reached XP level 2. HP: 19/26 MP: 1/1
   284 | D:3      | Reached skill level 4 in Axes
   284 | D:3      | Reached XP level 3. HP: 23/33 MP: 2/2
   289 | D:3      | Reached XP level 4. HP: 15/39 MP: 2/2
   292 | D:3      | Acquired Trog's second power
   292 | D:3      | Reached skill level 5 in Axes
   528 | D:3      | Reached XP level 5. HP: 30/45 MP: 3/3
   568 | D:4      | Found a sand-covered staircase.
   606 | Ossuary  | Entered an ossuary
   818 | Ossuary  | Reached skill level 6 in Axes
   940 | D:3      | Reached XP level 6. HP: 28/52 MP: 4/4
  1022 | D:5      | Entered Level 5 of the Dungeon
  1060 | D:6      | Reached skill level 7 in Axes
  1111 | D:5      | Reached XP level 7. HP: 35/58 MP: 4/4
  1246 | D:6      | Reached skill level 8 in Axes
  1554 | D:6      | Reached skill level 9 in Axes
  1554 | D:6      | Reached XP level 8. HP: 59/66 MP: 5/5
  1587 | D:6      | Found a staircase to the Orcish Mines.
  1606 | D:5      | Found Bliacvento's Assorted Antiques.
  1622 | D:5      | Bought a brown potion for 20 gold pieces
  1622 | D:5      | Bought a scroll labeled QIOHIN LUE for 23 gold pieces
  1894 | D:5      | Found a bloodstained altar of Trog.
  2003 | Orc:1    | Entered Level 1 of the Orcish Mines
  2003 | Orc:1    | Noticed Grum
  2017 | D:6      | Slain by a wolf

Action                   |  1- 3 |  4- 6 |  7- 9 || total
-------------------------+-------+-------+-------++-------
Melee: Hand axe          |    40 |    38 |       ||    78
       War axe           |       |    94 |   153 ||   247
Invok: Berserk           |     2 |     1 |     4 ||     7
       Trog's Hand       |       |     6 |     7 ||    13
  Use: Potion            |       |     1 |     1 ||     2
       Scroll            |       |       |    11 ||    11
